 Dungeon Crawl Stone Soup version 0.29-a0-251-g80730f7218 (webtiles) character file.

Game seed: 15180294006714335508

112 brightshaft the Skirmisher (level 4, 41/41 HPs)
             Began as a Draconian Berserker on Mar 5, 2022.
             Was a Believer of Trog.
             Quit the game on level 2 of the Dungeon on Mar 10, 2022.
             The game lasted 00:04:09 (2473 turns).

brightshaft the Skirmisher (Draconian Berserker)    Turns: 2473, Time: 00:04:10

Health: 41/41      AC:  5    Str: 19    XL:     4   Next: 63%
Magic:  4/4        EV: 13    Int:  8    God:    Trog [**....]
Gold:   44         SH:  0    Dex: 12    Spells: 3/3 levels left

rFire   . . .      SeeInvis .   g - +5 mace "Anawkad" {vorpal, rN++}
rCold   . . .      Faith    .   (no shield)
rNeg    + + .      Spirit   .   (body armour unavailable)
rPois   .          Reflect  .   (helmet restricted)
rElec   .          Harm     .   (no cloak)
rCorr   .          Rampage  .   (no gloves)
Will    .....                   (no boots)
Stlth   +.........              (no amulet)
HPRegen 0.13/turn               (no ring)
MPRegen 0.09/turn               (no ring)

@: no status effects
A: AC +5, unfitting armour, cold-blooded
a: Renounce Religion, Berserk, Trog's Hand


You were on level 2 of the Dungeon.
You worshipped Trog.
Trog was pleased with you.
You visited 1 branch of the dungeon, and saw 2 of its levels.

You collected 44 gold pieces.

Inventory:

Hand Weapons
 a - a +0 falchion
 g - the +5 mace "Anawkad" (weapon) {vorpal, rN++}
   (You found it on level 2 of the Dungeon)

   It inflicts extra damage upon your enemies.
   rN:        It greatly protects you from negative energy.
Jewellery
 f - an amulet of guardian spirit
Scrolls
 c - 4 scrolls of identify {unknown}
 d - a scroll of amnesia {unknown}
 e - a scroll of enchant weapon {unknown}
Potions
 b - a potion of heal wounds {unknown}


   Skills:
 + Level 4.3 Fighting
 + Level 4.0 Long Blades
 + Level 3.6 Dodging


You had 3 spell levels left.
You didn't know any spells.
Your spell library was empty.

Dungeon Overview and Level Annotations

Branches:
Dungeon (2/15)

Altars:


Innate Abilities, Weirdness & Mutations

Your plain brown scales are hard. (AC +5)
You cannot fit into any form of body armour.
You are cold-blooded and may be slowed by cold attacks.


Message History

You swing at nothing.
You swing at nothing.
You swing at nothing.
You swing at nothing.
You swing at nothing.
You swing at nothing.
You swing at nothing.
You swing at nothing.
You swing at nothing.
You swing at nothing.
You swing at nothing.
You swing at nothing.
You swing at nothing.
You swing at nothing.
You swing at nothing.
You swing at nothing.
You swing at nothing.
You swing at nothing.
You swing at nothing.
You swing at nothing.
You swing at nothing.
You swing at nothing.
You swing at nothing.
You swing at nothing.
You swing at nothing.
You swing at nothing.
You swing at nothing.
You swing at nothing.
You swing at nothing.
You swing at nothing.
You swing at nothing.
Unknown command.
Unknown command.
Are you sure you want to abandon this character and quit the game? (Confirm with "yes".)

.................>#
#.#.........
.###.########.....#
#.#...###### ..##.#
#.....####.#.#.# #.##.#
#........#.#.#.# .....#
#....# #.#.#.# ##..#####
#....# #.#.#.# ........#
#....# #.#.#.# #...###)#
#....# #.#.#.###### ..###
#.#####...@### #.#.........
.##
#.#............#.###.######
.#
#......#########...........
.# #......# #####.###### .#
#......# #.# .# #......#
#.# .# #...[..# #.# .#
#......# #.# ## ....♣...#
#<#


There were no monsters in sight!

Vanquished Creatures
  Natasha (D:2)
  Robin (D:2)
  A gnoll (D:1)
  An adder (D:2)
  A dart slug (D:1)
  6 ball pythons
  2 endoplasms
  5 giant cockroaches
  10 hobgoblins
  2 jackals (D:1)
  A kobold (D:2)
  A quokka (D:1)
  2 bats (D:1)
  10 goblins
  5 rats
49 creatures vanquished.

Notes
Turn   | Place    | Note
-------+----------+-------------------------------------------
     0 | D:1      | brightshaft the Draconian Berserker began the quest for the
                  | Orb.
     0 | D:1      | Reached XP level 1. HP: 19/19 MP: 1/1
   305 | D:1      | Reached XP level 2. HP: 23/26 MP: 2/2
   663 | D:1      | Reached XP level 3. HP: 31/33 MP: 3/3
   959 | D:1      | Reached ** piety under Trog
  1300 | D:2      | Noticed Natasha
  1311 | D:2      | Killed Natasha
  1476 | D:2      | Noticed Robin
  1481 | D:2      | Reached XP level 4. HP: 40/40 MP: 4/4
  1515 | D:2      | Killed Robin
  1753 | D:2      | Identified the +5 mace "Anawkad" {vorpal, rN++}
  2473 | D:2      | Quit the game

Illustrated notes

Levels and vault maps discovered:
D:1:      minmay_arrival_four_houses, layout_loops_ring
D:2:      layout_basic, dreamdust_wishing_well, minmay_misc_feat_plants,
          st_stairs_12, serial_park_tiny_1, minmay_worlds_worst_comb,
          uniq_robin, uniq_natasha

Skill      XL: |  1  2  3  4 |
---------------+-------------+-----
Dodging        | 3 |  3.6
Fighting       | 4 |  4.3
Long Blades    | 4 |  4.0

Action                   |  1- 3 |  4- 6 || total
-------------------------+-------+-------++-------
Melee: Falchion          |   101 |    43 ||   144
       Tailslap          |    16 |     6 ||    22
       Mace              |       |     7 ||     7
       Punch             |       |     1 ||     1
Invok: Berserk           |       |     1 ||     1
       Trog's Hand       |       |     1 ||     1
 Stab: Sleeping          |     2 |       ||     2
Armor: Skin              |    25 |    28 ||    53
Dodge: Dodged            |    68 |    45 ||   113

Table legend: (Time is in decaauts)
 A = Elapsed time spent in this place.
 B = Non-inter-level travel time spent in this place.
 C = Inter-level travel time spent in this place.
 D = Time resting spent in this place.
 E = Time spent auto-exploring this place.
 F = Levels seen in this place.
 G = Mean time per level.
                   A        B        C        D        E       F      G
               +--------+--------+--------+--------+--------+-----+--------+
         Total |   2766 |   2748 |     18 |    192 |   1318 |   2 | 1383.0 |
       Dungeon |   2766 |   2748 |     18 |    192 |   1318 |   2 | 1383.0 |
               +--------+--------+--------+--------+--------+-----+--------+

Top non-repeatable levels by time:
     D:2: 1598 daAuts
     D:1: 1167 daAuts
